 Dungeon Crawl Stone Soup version 0.22-a0-307-g2b15929 (webtiles) character file.

304606 xccam the Executioner (level 22, -5/169 HPs)
             Began as a Formicid Fighter on Apr 1, 2018.
             Was the Champion of Cheibriados.
             Slain by a stone giant (13 damage)
             ... on level 4 of the Vaults.
             The game lasted 01:52:37 (35754 turns).

xccam the Executioner (Formicid Fighter)           Turns: 35754, Time: 01:52:38

Health: -5/169     AC: 34    Str: 40    XL:     22   Next: 4%
Magic:  30/30      EV:  2    Int: 26    God:    Cheibriados [******]
Gold:   248        SH:  0    Dex: 33    Spells: 21/21 levels left

rFire    + . .     SeeInvis +   X - +6 executioner's axe (chop)
rCold    + . .     Gourm    .   r - +4 large shield
rNeg     + + +     Faith    .   U - +5 crystal plate armour {rC+}
rPois    ∞         Spirit   .   (helmet unavailable)
rElec    .         Reflect  +   E - scarf {cloud immunity}
rCorr    .         Harm     .   w - +0 pair of fencer's gloves {+Riposte Dex+3}
MR       ++...                  t - +2 pair of boots
Stlth    ..........             A - +2 amulet of reflection
HPRegen  0.38/turn              B - ring of protection from fire
MPRegen  0.22/turn              k - ring "Woujut" {rPois rN+ EV+4 Str-2 Dex+4}

@: petrified, marked, very slow
A: permanent stasis, dig shafts and tunnels, four strong arms, antennae 3, large
bone plates 1, blurry vision 1, mutation resistance 1
}: 2/15 runes: decaying, gossamer
a: Dig, Shaft Self, Bend Time, Temporal Distortion, Slouch, Step From Time,
Renounce Religion


You were on level 4 of the Vaults.
You worshipped Cheibriados.
Cheibriados was exalted by your worship.
You were hungry.

You visited 7 branches of the dungeon, and saw 36 of its levels.
You also visited: Sewer, Bailey and Ice Cave.

You collected 3687 gold pieces.
You spent 3439 gold pieces at shops.

Inventory:

Hand Weapons
 J - the +6 broad axe of Pupey {chop, rC+ Dex+4 Stlth+}
   (You acquired it on level 3 of the Lair of Beasts)

   It inflicts extra damage upon your enemies.
   It affects your dexterity (+4).
   It protects you from cold.
   It makes you more stealthy.
 X - a +6 executioner's axe of chopping (weapon)
Armour
 b - a +3 plate armour of magic resistance
 r - a +4 large shield (worn)
 t - a +2 pair of boots (worn)
 w - the +0 pair of fencer's gloves (worn) {+Riposte Dex+3}
   (You bought it in a shop on level 4 of the Vaults)

   It affects your dexterity (+3).
 E - a scarf of cloud immunity (worn)
 R - +0 fire dragon scales
 U - a +5 crystal plate armour of cold resistance (worn)
 V - the +2 chain mail of the Apprentice {rElec rF+ Int-4 Dex+7}
   (You found it on level 3 of the Swamp)

   It affects your intelligence (-4).
   It affects your dexterity (+7).
   It protects you from fire.
   It insulates you from electricity.
Jewellery
 c - a cursed -3 ring of intelligence {unknown}
 k - the ring "Woujut" (right hand) {rPois rN+ EV+4 Str-2 Dex+4}
   (You bought it in a shop on level 2 of the Orcish Mines)

   [ring of evasion]

   It affects your evasion (+4).
   It affects your strength (-2).
   It affects your dexterity (+4).
   It protects you from poison.
   It protects you from negative energy.
 p - an uncursed ring of resist corrosion
 A - a +2 amulet of reflection (around neck)
 B - a ring of protection from fire (left hand)
 C - the ring of Spring {Fire Slay+5}
   (You found it in a bailey)

   [ring of fire]

   It enhances your fire magic.
   It affects your accuracy and damage with ranged weapons and melee attacks
   (+5).
   It protects you from fire.
   It makes you vulnerable to cold.
 F - an uncursed ring of stealth {unknown}
 L - an uncursed ring of positive energy
 N - an uncursed ring of protection from magic
 P - an uncursed amulet of harm {unknown}
 Q - an uncursed ring of protection from magic
 W - an uncursed ring of protection from cold
Wands
 j - a wand of disintegration (3)
 o - a wand of acid (15)
 u - a wand of scattershot (6)
 y - a wand of polymorph (27)
 z - a wand of flame (83)
 G - a wand of iceblast (3)
 Y - a wand of clouds (5)
Scrolls
 d - 2 scrolls of fog
 g - 6 scrolls of remove curse
 h - 7 scrolls of fear
 l - a scroll of brand weapon
 m - 6 scrolls of magic mapping
 q - 3 scrolls of immolation
 s - 4 scrolls of amnesia
 v - 9 scrolls of identify
 T - a scroll of silence
Potions
 a - 2 potions of resistance
 e - a potion of magic
 i - 9 potions of curing
 x - 2 potions of mutation
 H - a potion of ambrosia
 I - 3 potions of lignification
 K - 4 potions of agility
 M - 5 potions of flight
 Z - 3 potions of heal wounds
Comestibles
 f - 64 rations


   Skills:
 - Level 13.3 Fighting
 + Level 24.8 Axes
 - Level 15.6 Armour
 - Level 7.2 Dodging
 - Level 15.0 Shields
 - Level 11.7 Invocations


You had 21 spell levels left.
You didn't know any spells.

Dungeon Overview and Level Annotations

Branches:
Dungeon (15/15)            Temple (1/1) D:4            Lair (6/6) D:11
  Swamp (4/4) Lair:2       Spider (4/4) Lair:3        Slime (0/5) Lair:5
    Orc (2/2) D:12            Elf (0/3) Orc:2        Vaults (4/5) D:14
  Crypt (0/3) Vaults:2     Depths (0/5) D:15

Altars:
Ashenzari
Cheibriados
Dithmenos
Hepliaklqana
Kikubaaqudgha
Makhleb
Qazlal
Vehumet
Wu Jian
Xom
Jiyva

Shops:
D:4 (   D:7 }?*   D:12 ([   Orc:1 %   Orc:2 [=[[%   Vaults:1 *   Vaults:4 *

Annotations:
D:9 exclusion: orange crystal statue


Innate Abilities, Weirdness & Mutations

You cannot be hasted, slowed, berserked, paralysed or teleported.
You can dig through walls and to a lower floor.
Your four strong arms can wield two-handed weapons with a shield.
You have a pair of large antennae on your head. (SInv)
You are partially covered in large bone plates. (SH +4)
Scrolls take you a little longer to read.
You are somewhat resistant to further mutation.


Message History

The deep troll bites you!
* * * LOW HITPOINT WARNING * * *
The deep troll claws you but does no damage. x2
The hornet stings you.
* * * LOW HITPOINT WARNING * * *
The stone giant hits you!!
* * * LOW HITPOINT WARNING * * *
The hornet stings you but does no damage.
The deep troll bites you!
* * * LOW HITPOINT WARNING * * *
The deep troll claws you but does no damage. x2
The ironheart preserver hits you but does no damage.
The hornet stings you but does no damage.
The stone giant hits you but does no damage.
The deep troll bites you but does no damage.
The deep troll claws you but does no damage. x2
The hornet stings you but does no damage.
The ironheart preserver hits you but does no damage.
The stone giant hits you!!
You die...

#. .: #.. .( #..##.
#...## ..... ..(
######)###########
......)@T........#
......yCpO.......#
.......T.........#
..........)......#.#
.................#.#
{
...........(.....#.#
{
.................#.#
{
.............)...#.#
{{
..#+#####+##+#..#.#{
{


You could see an ironheart preserver, a stone giant, 2 deep trolls, a hornet and
an ogre.

Vanquished Creatures
  Bai Suzhen (Spider:3)
  Arachne (Spider:4)
  3 liches (Vaults:4)
  2 Ice Fiends (IceCv)
  The ghost of tsouns the Sorcerer, an adept DECj of Vehumet (Vaults:4)
  2 sphinxes
  4 thorn hunters
  Kirke (Spider:3)
  3 tengu reavers
  Donald (Swamp:4)
  5 vault wardens
  5 ghost moths (Spider:4)
  6 emperor scorpions
  9 ironheart preservers
  A very ugly thing (Vaults:1)
  5 stone giants
  3 entropy weavers
  2 deep elf annihilators (Vaults:3)
  2 dire elephants (Lair:4)
  2 spark wasps
  An ettin (Vaults:3)
  Snorg (Lair:3)
  A fire dragon (Lair:5)
  2 deep elf death magi
  A crystal guardian (Vaults:4)
  An ettin (shapeshifter) (D:14)
  7 yaktaur captains
  2 great orbs of eyes
  3 rakshasas
  27 hydras
  5 vault guards
  17 two-headed ogres
  5 centaur warriors
  A ghost crab (Swamp:2)
  4 death knights
  8 alligators
  6 ogre magi
  3 orc high priests (Orc:2)
  A death yak (Lair:5)
  3 deep elf knights (Vaults:3)
  Sonja (Lair:4)
  A fire crab (shapeshifter) (Vaults:2)
  10 skeletal warriors
  2 unseen horrors (shapeshifter) (D:14)
  6 deep trolls
  4 unseen horrors
  2 flayed ghosts
  A spriggan druid (Swamp:4)
  12 swamp dragons
  6 deep elf archers
  2 glowing orange brains (Vaults:2)
  5 harpies (Vaults:4)
  13 ironbrand convokers
  18 orc knights
  A shambling mangrove (Swamp:2)
  2 wizards
  4 human zombies
  2 phantasmal warriors
  22 wolf spiders
  4 necromancers
  26 orb spiders
  4 orc sorcerers
  25 ugly things
  A harpy (shapeshifter) (Vaults:3)
  A frost giant zombie (Vaults:1)
  9 deep elf magi
  A tengu skeleton (Vaults:2)
  A faun (shapeshifter) (Vaults:3)
  6 cyclopes
  3 manticores
  3 moths of wrath
  A salamander (shapeshifter) (Vaults:2)
  22 elephants
  2 centaur zombies
  A guardian serpent (shapeshifter) (Vaults:3)
  4 black mambas
  2 ice statues (IceCv)
  12 vault sentinels
  2 gargoyles
  The ghost of Demitroll the Sneak, a novice VSEn of Gozag (D:6)
  3 torpor snails
  A kobold demonologist (D:11)
  23 spiny frogs
  8 komodo dragons
  3 rime drakes
  15 demonic crawlers
  11 yaktaurs
  A yaktaur skeleton (Vaults:2)
  A yaktaur zombie (Vaults:1)
  13 ice devils (IceCv)
  7 trolls
  7 freezing wraiths
  39 jumping spiders
  A jumping spider (shapeshifter) (D:13)
  A harpy zombie (D:15)
  A troll (shapeshifter) (Vaults:4)
  6 tyrant leeches
  A shadow dragon simulacrum (Vaults:3)
  A tengu simulacrum (Vaults:2)
  A queen bee (shapeshifter) (Vaults:3)
  A polar bear (Lair:6)
  A harpy skeleton (D:15)
  A hornet (shapeshifter) (Vaults:4)
  5 bog bodies
  7 hornets
  26 blink frogs (Lair:6)
  A human simulacrum (Vaults:2)
  23 slime creatures
  A stone giant simulacrum (Vaults:1)
  An ice dragon zombie (Vaults:1)
  10 hippogriffs
  66 redbacks
  5 shadows
  8 wraiths
  30 tarantellas
  A basilisk (D:11)
  5 hogs (Spider:3)
  49 yaks
  4 wyverns
  5 wargs
  3 hungry ghosts
  28 vampire mosquitoes
  The ghost of Oozefury the Ruffian, an amateur BaTm (D:3)
  A steam dragon (D:11)
  A soldier ant (D:12)
  6 insubstantial wisps (Lair:2)
  Menkaure (D:7)
  A soldier ant (shapeshifter) (Vaults:1)
  4 acid dragons
  26 swamp worms
  8 water moccasins
  8 porcupines
  Duvessa (D:7)
  17 swamp drakes
  4 sky beasts
  42 orc warriors
  5 ice beasts
  3 eyes of draining
  An eye of draining (shapeshifter) (Vaults:3)
  2 necrophages
  25 ogres
  3 black bears
  A phantom (D:13)
  4 boggarts (Vaults:3)
  8 centaurs
  4 wolves
  12 crocodiles
  An elf skeleton (Vaults:2)
  3 human skeletons (Vaults:2)
  A crocodile (shapeshifter) (D:13)
  5 big kobolds
  A wyvern zombie (D:12)
  37 bullfrogs
  A gnoll sergeant (Orc:1)
  Dowan (D:7)
  A wyvern skeleton (D:11)
  4 scorpions
  14 wights
  22 killer bees
  10 electric eels
  11 crimson imps
  3 howler monkeys (D:7)
  10 jellies
  A quasit (D:7)
  2 centaur skeletons
  20 orc priests
  A bullfrog skeleton (D:4)
  16 hounds
  24 orc wizards
  7 iguanas
  15 worker ants
  7 hell rats (Lair:4)
  A hound zombie (D:10)
  A hound skeleton (D:5)
  A worker ant zombie (D:9)
  8 gnolls
  16 adders
  A howler monkey skeleton (D:6)
  10 river rats
  4 shadow imps
  8 white imps (IceCv)
  5 ufetubi (IceCv)
  2 oozes
  2 adder skeletons
  An adder zombie (D:7)
  13 worms
  2 dart slugs
  11 leopard geckos
  101 orcs
  7 giant cockroaches
  16 goblins
  7 hobgoblins
  12 jackals
  A quokka (D:11)
  6 ball pythons
  7 bats
  17 frilled lizards
  35 kobolds
  2 leopard gecko skeletons (D:6)
  A quokka skeleton (D:4)
  29 rats
  5 briar patches
  A fire vortex (Lair:5)
  7 fungi
  9 plants
1584 creatures vanquished.

Vanquished Creatures (others)
  2 yaktaur captains
  A centaur warrior (Vaults:4)
  A deep elf archer (Vaults:2)
  A cyclops (Vaults:2)
  5 yaktaurs
  A spriggan (Swamp:4)
  A swamp worm (Swamp:4)
  A sky beast (D:12)
  An ogre (Vaults:4)
  3 centaurs
  4 white imps (IceCv)
  An ufetubus (IceCv)
  A worm (Spider:1)
  An orc (Vaults:1)
  2 briar patches (Swamp:2)
  A bush (Lair:6)
  29 fungi
  77 plants
  15 toadstools
148 creatures vanquished.

Grand Total: 1732 creatures vanquished

Notes
Turn   | Place    | Note
-------+----------+-------------------------------------------
     0 | D:1      | xccam the Formicid Fighter began the quest for the Orb.
     0 | D:1      | Reached XP level 1. HP: 18/18 MP: 1/1
    41 | D:1      | Reached XP level 2. HP: 22/24 MP: 2/2
   619 | D:1      | Reached skill level 3 in Axes
   729 | D:1      | Reached XP level 3. HP: 25/29 MP: 3/3
  1243 | D:2      | Reached skill level 4 in Axes
  1243 | D:2      | Reached XP level 4. HP: 33/35 MP: 4/4
  1611 | D:2      | Reached XP level 5. HP: 41/41 MP: 5/5
  1771 | D:3      | Noticed Oozefury's ghost (amateur BaTm)
  1781 | D:3      | Killed Oozefury's ghost
  1781 | D:3      | Reached skill level 6 in Axes
  1781 | D:3      | Reached XP level 6. HP: 37/47 MP: 6/6
  2718 | D:4      | Reached XP level 7. HP: 45/52 MP: 7/7
  2727 | D:4      | Reached skill level 7 in Axes
  2846 | D:4      | Found Loifoph's Antique Weapon Shop.
  2975 | D:4      | Found a staircase to the Ecumenical Temple.
  2984 | Temple   | Entered the Ecumenical Temple
  2990 | Temple   | Became a worshipper of Cheibriados the Contemplative
  3032 | D:4      | Found a glowing drain.
  3057 | Sewer    | Entered a sewer
  3128 | Sewer    | Reached * piety under Cheibriados
  3677 | D:5      | Entered Level 5 of the Dungeon
  3712 | D:5      | Found a hazy altar of Hepliaklqana.
  3751 | D:5      | Reached skill level 8 in Axes
  3757 | D:5      | Reached ** piety under Cheibriados
  4064 | D:5      | Reached XP level 8. HP: 55/58 MP: 8/8
  4480 | D:6      | Reached skill level 9 in Axes
  4690 | D:6      | Noticed Demitroll's ghost (novice VSEn)
  4709 | D:6      | Killed Demitroll's ghost
  4709 | D:6      | Reached skill level 10 in Axes
  4709 | D:6      | Reached XP level 9. HP: 45/64 MP: 9/9
  5007 | D:6      | Found a shadowy altar of Dithmenos.
  5349 | D:6      | Reached *** piety under Cheibriados
  5349 | D:6      | Reached skill level 5 in Shields
  5957 | D:7      | Noticed a troll
  5967 | D:7      | Killed a troll
  6013 | D:7      | Reached skill level 1 in Invocations
  6303 | D:7      | Reached skill level 1 in Dodging
  6326 | D:7      | Found Afrar's Magic Scroll Emporium.
  6334 | D:7      | Bought a scroll of remove curse for 39 gold pieces
  6334 | D:7      | Bought a scroll of remove curse for 39 gold pieces
  6334 | D:7      | Bought a scroll of remove curse for 39 gold pieces
  6356 | D:7      | Reached XP level 10. HP: 52/71 MP: 10/12
  6369 | D:7      | Reached **** piety under Cheibriados
  6405 | D:7      | Noticed Duvessa
  6406 | D:7      | Noticed Dowan
  6412 | D:7      | Killed Duvessa
  6419 | D:7      | Killed Dowan
  6490 | D:7      | Found Tifotz's Gadget Boutique.
  6681 | D:7      | Found Soshrur's Assorted Antiques.
  6757 | D:7      | Noticed Menkaure
  6765 | D:7      | Killed Menkaure
  6817 | D:7      | Reached skill level 5 in Invocations
  6824 | D:7      | Reached skill level 5 in Fighting
  6824 | D:7      | Reached skill level 5 in Armour
  7124 | D:8      | Reached ***** piety under Cheibriados
  7347 | D:8      | Found a burning altar of Makhleb.
  7884 | D:8      | Reached XP level 11. HP: 52/81 MP: 16/16
  8193 | D:9      | Noticed a two-headed ogre
  8203 | D:9      | Killed a two-headed ogre
  8824 | D:9      | Gained mutation: You are somewhat resistant to further mutation. [potion of mutation]
  8824 | D:9      | Gained mutation: You are partially covered in large bone plates. (SH +4) [potion of mutation]
  8833 | D:10     | Entered Level 10 of the Dungeon
  8991 | D:9      | Noticed an orange crystal statue
  9221 | D:10     | Reached skill level 5 in Dodging
  9871 | D:10     | Noticed a red ugly thing
  9888 | D:10     | Killed a red ugly thing
  9888 | D:10     | Reached ****** piety under Cheibriados
  9953 | D:11     | Noticed an unseen horror
  9960 | D:11     | Killed an unseen horror
 10074 | D:11     | Noticed a cyclops
 10090 | D:11     | Killed a cyclops
 10090 | D:11     | Reached XP level 12. HP: 92/94 MP: 17/17
 10164 | D:11     | Found a staircase to the Lair.
 10427 | D:11     | Noticed a death knight
 10437 | D:11     | Killed a death knight
 11219 | Lair:1   | Entered Level 1 of the Lair of Beasts
 11295 | D:12     | Found a burning altar of Makhleb.
 11483 | D:12     | Reached skill level 11 in Axes
 11626 | D:12     | Found Ophemud's Armour Emporium.
 11627 | D:12     | Found a staircase to the Orcish Mines.
 11629 | D:12     | Found Xeg Bemi's Weapon Emporium.
 11657 | D:12     | Bought a cursed +0 pair of boots for 49 gold pieces
 12113 | D:13     | Noticed an unseen horror
 12126 | D:13     | Killed an unseen horror
 12151 | D:13     | Found a flagged portal.
 12158 | Bailey   | Entered a bailey
 12229 | Bailey   | Reached XP level 13. HP: 96/101 MP: 19/19
 12362 | Bailey   | Got a warped bronze ring
 12364 | Bailey   | Identified the ring of Spring {Fire Slay+5} (You found it in a bailey)
 12500 | Lair:1   | Noticed a six-headed hydra
 12513 | Lair:1   | Killed a six-headed hydra
 12875 | Lair:1   | Reached skill level 10 in Armour
 12959 | Lair:1   | Reached skill level 12 in Axes
 13319 | Lair:2   | Found a staircase to the Swamp.
 13325 | Lair:2   | Noticed a six-headed hydra
 13433 | Lair:2   | Killed a nine-headed hydra
 13564 | Lair:2   | Noticed an eight-headed hydra
 13576 | Lair:2   | Killed a 12-headed hydra
 13769 | Lair:2   | Reached skill level 10 in Invocations
 13918 | Lair:2   | Noticed a seven-headed hydra
 14178 | Lair:2   | Killed a 17-headed hydra
 14538 | Lair:3   | Found a hole to the Spider Nest.
 14594 | Lair:3   | Reached skill level 13 in Axes
 14680 | Lair:3   | Noticed Snorg
 14699 | Lair:3   | Killed Snorg
 14766 | Lair:3   | Identified a scroll of acquirement
 14767 | Lair:3   | Got a warped broad axe
 14768 | Lair:3   | Identified the +6 broad axe of Pupey {chop, rC+ Dex+4 Stlth+} (You acquired it on level 3 of the Lair of Beasts)
 15317 | Lair:4   | Noticed a seven-headed hydra
 15320 | Lair:4   | Reached XP level 14. HP: 103/108 MP: 21/21
 15824 | Lair:4   | Noticed Sonja
 15830 | Lair:4   | Killed Sonja
 15830 | Lair:4   | Reached skill level 14 in Axes
 16120 | Lair:4   | Found a runed door.
 16147 | Lair:4   | Noticed a dire elephant
 16152 | Lair:4   | Noticed a dire elephant
 16161 | Lair:4   | Killed a dire elephant
 16163 | Lair:4   | Killed a dire elephant
 16265 | Lair:5   | Found a viscous altar of Jiyva.
 16265 | Lair:5   | Found a staircase to the Slime Pits.
 16884 | Lair:6   | Entered Level 6 of the Lair of Beasts
 16924 | Lair:6   | Reached skill level 15 in Axes
 17319 | Lair:6   | Reached XP level 15. HP: 61/114 MP: 22/22
 17740 | Lair:6   | Reached skill level 10 in Fighting
 17742 | Lair:6   | Reached skill level 16 in Axes
 19037 | D:13     | Found a burning altar of Makhleb.
 19324 | D:14     | Reached XP level 16. HP: 117/125 MP: 23/23
 19327 | D:14     | Reached skill level 17 in Axes
 19713 | D:14     | Found a stormy altar of Qazlal.
 19945 | D:14     | Found a gate to the Vaults.
 20557 | D:15     | Entered Level 15 of the Dungeon
 20686 | D:15     | Found a staircase to the Depths.
 21574 | Orc:1    | Entered Level 1 of the Orcish Mines
 21781 | Orc:1    | Found Monkoabb's Food Emporium.
 22181 | Orc:2    | Entered Level 2 of the Orcish Mines
 22227 | Orc:2    | Found Loplolo's Antique Armour Boutique.
 22249 | Orc:2    | Found a burning altar of Makhleb.
 22382 | Orc:2    | Gained mutation: Scrolls take you a little longer to read. [a neqoxec]
 22402 | Orc:2    | Reached skill level 18 in Axes
 22789 | Orc:2    | Found Waanes's Food Shoppe.
 22789 | Orc:2    | Found Omephe's Antique Armour Shop.
 22791 | Orc:2    | Found Mad Gasa's Jewellery Shoppe.
 22791 | Orc:2    | Found Waasef's Antique Armour Shop.
 22804 | Orc:2    | Bought a spiked plate armour for 924 gold pieces
 22806 | Orc:2    | Identified the cursed +0 plate armour of Listlessness {+Inv MR++ Str+2 Slay-5} (You bought it in a shop on level 2 of the Orcish Mines)
 22808 | Orc:2    | Bought the ring "Woujut" {rPois rN+ EV+4 Str-2 Dex+4} for 722 gold pieces
 22817 | Orc:2    | Bought a pair of glowing gloves for 172 gold pieces
 23139 | Orc:2    | Found a staircase to the Elven Halls.
 23554 | Swamp:1  | Entered Level 1 of the Swamp
 23762 | Swamp:1  | Reached XP level 17. HP: 133/134 MP: 24/24
 24199 | Swamp:2  | Noticed a thorn hunter
 24215 | Swamp:2  | Killed a thorn hunter
 24215 | Swamp:2  | Reached skill level 15 in Armour
 24453 | Swamp:2  | Noticed a thorn hunter
 24464 | Swamp:2  | Killed a thorn hunter
 24464 | Swamp:2  | Reached skill level 10 in Shields
 25186 | Swamp:3  | Got a twisted chain mail
 25197 | Swamp:3  | Identified the +2 chain mail of the Apprentice {rElec rF+ Int-4 Dex+7} (You found it on level 3 of the Swamp)
 25690 | Swamp:4  | Entered Level 4 of the Swamp
 25690 | Swamp:4  | Found a frozen archway.
 25700 | IceCv    | Entered an ice cave
 25849 | IceCv    | Noticed an Ice Fiend
 25850 | IceCv    | Noticed an Ice Fiend
 25857 | IceCv    | Killed an Ice Fiend
 25864 | IceCv    | Killed an Ice Fiend
 26865 | Swamp:4  | Noticed a thorn hunter
 26881 | Swamp:4  | Reached XP level 18. HP: 13/143 MP: 8/26
 26881 | Swamp:4  | HP: 5/143 [swamp dragon/exploding inner flame[the player character] (8)]
 26898 | Swamp:4  | Noticed Donald
 26906 | Swamp:4  | Killed Donald
 26984 | Swamp:4  | Reached skill level 19 in Axes
 27541 | Swamp:4  | Got a decaying rune of Zot
 27682 | Spider:1 | Entered Level 1 of the Spider Nest
 28004 | Spider:1 | You fall through a shaft!
 29305 | Spider:3 | Noticed Bai Suzhen
 29317 | Spider:3 | Killed Bai Suzhen
 29317 | Spider:3 | Reached XP level 19. HP: 117/149 MP: 27/27
 29641 | Spider:3 | Noticed Kirke
 29651 | Spider:3 | Killed Kirke
 30187 | Spider:4 | Entered Level 4 of the Spider Nest
 30280 | Spider:4 | Reached skill level 15 in Shields
 30283 | Spider:4 | Reached skill level 20 in Axes
 30962 | Spider:4 | Got a gossamer rune of Zot
 31044 | Spider:4 | Noticed Arachne
 31067 | Spider:4 | Killed Arachne
 31126 | Spider:4 | Reached skill level 21 in Axes
 31474 | Vaults:1 | Entered Level 1 of the Vaults
 31587 | Vaults:1 | Reached XP level 20. HP: 156/156 MP: 28/28
 31986 | Vaults:1 | Reached skill level 22 in Axes
 32370 | Vaults:1 | Found Ryrougoi's Assorted Antiques.
 32388 | Vaults:1 | Bought a potion of heal wounds for 115 gold pieces
 32388 | Vaults:1 | Bought a scroll of enchant armour for 172 gold pieces
 32388 | Vaults:1 | Bought a white potion for 20 gold pieces
 32614 | D:7      | Bought a scroll of brand weapon for 260 gold pieces
 33576 | Vaults:2 | Found a staircase to the Crypt.
 34067 | Vaults:3 | Reached skill level 23 in Axes
 34242 | Vaults:3 | Reached XP level 21. HP: 134/162 MP: 24/29
 35140 | Vaults:4 | Noticed tsouns's ghost (adept DECj)
 35149 | Vaults:4 | Killed tsouns's ghost
 35154 | Vaults:4 | Reached skill level 24 in Axes
 35232 | Vaults:4 | Noticed a lich
 35238 | Vaults:4 | Killed a lich
 35606 | Vaults:4 | Found Ynno's General Store.
 35614 | Vaults:4 | Bought a potion of mutation for 128 gold pieces
 35614 | Vaults:4 | Bought a scroll of enchant weapon for 120 gold pieces
 35614 | Vaults:4 | Bought the +0 pair of fencer's gloves {+Riposte Dex+3} for 640 gold pieces
 35614 | Vaults:4 | Found the +0 pair of fencer's gloves {+Riposte Dex+3}
 35741 | Vaults:4 | Reached XP level 22. HP: 108/169 MP: 30/30
 35753 | Vaults:4 | HP: 8/169 [deep troll[an ironheart preserver] (7)]
 35754 | Vaults:4 | Slain by a stone giant

Vault maps used:
D:1:      dpeg_arrival_windows_large_door, hangedman_abyss_or_decor_lesser_grid
D:2:      st_stairs_11, minmay_misc_feat_chi
D:3:      minmay_strange_pillars
D:4:      lemuel_upstairs_altar, temple_green, serial_shops,
          nicolae_shop_behind_doors, portal_sewer_entry_b, grunt_ministairs_7,
          fountainhead
D:5:      kennysheep_mini, first_ration
D:6:      nicolae_dithmenos_the_darkroom
D:7:      cheibrodos_fertilizer, serial_shops, shop,
          nicolae_shop_window_shopping, kennysheep_little_box, uniq_menkaure,
          uniq_duvessa
D:8:      basic_altar, blue_anna_alchemist
D:9:      statuecave_lemuel
D:11:     lair_entry_dummy
D:12:     orc_david_3, basic_altar
D:13:     enter_bailey_3, basic_altar
D:14:     david_vaults_2, basic_altar
D:15:     grunt_enter_depths_snipers, serial_park_avenue1
Temple:   compressed_dpeg_circular_temple
Lair:1:   minivault_26, minivault_23, infiniplex_staircase_pool_2
Lair:2:   minmay_swamp_entry_wisps, serial_bayou_pond_a
Lair:3:   spider_nest_entry_web_field, uniq_snorg
Lair:4:   gammafunk_lair_enchanted_lake, nicolae_lair_grove_arrangements,
          kennysheep_abandoned_house, uniq_sonja
Lair:5:   dragon1_lemuel, slime_altar_1, serial_bayou_lake_a
Lair:6:   minmay_lair_end_frog_pond
Swamp:1:  hangedman_swamp_ruin_wall
Swamp:2:  infiniplex_staircase_pool
Swamp:3:  hangedman_swamp_pad
Swamp:4:  swamp, portal_ice_cave_entry_pillars_three, swamp_pool3, uniq_donald
Spider:1: worms_lemuel
Spider:3: uniq_bai_suzhen, uniq_kirke
Spider:4: johnstein_spider_rune_arachne_lair, nicolae_spider_cling_ruins
Orc:1:    serial_shops, nicolae_shop_window_shopping, nicolae_orc_rockfall,
          mines4_lemuel
Orc:2:    grunt_orc_tribal_feast, serial_shops, shop, bloody_makhleb
Vaults:1: v_misc_11, nicolae_vaults_alarming, ontoclasm_vaults_gallery,
          nicolae_vaults_circle_grid_a, hangedman_vaults_trim,
          nicolae_vaults_little_squares_6, nicolae_vaults_mini_display_case,
          v_alt_pattern_6, v_misc_14, grunt_vaults_hallway_short,
          nicolae_vaults_what_the_h, vaults_room_hallway, serial_shops,
          nicolae_shop_trees
Vaults:2: vaults_room_semicircle, v_misc_18, vaults_room_grid,
          minmay_crypt_entry_simple_box, hangedman_vaults_stretched_pinwheel,
          dpeg_vaults_monster_box, hangedman_vaults_maws,
          hangedman_vaults_river_flow, st_spiral_rooms, dpeg_vaults_monster_row,
          v_alt_pattern_4, grunt_vaults_focal, vaults_mumra_chevron_long,
          v_misc_3
Vaults:3: v_misc_1, v_misc_1, hangedman_vaults_locks,
          nicolae_vaults_three_branches, v_misc_13, v_misc_2,
          ontoclasm_vaults_claustrophobia, vaults_room_octagon,
          ontoclasm_vaults_idyll, vaults_room_grid, v_misc_22,
          vaults_dpeg_spiral, nicolae_vaults_little_squares_2,
          nicolae_vaults_theta, ontoclasm_vaults_twist
Vaults:4: hangedman_vaults_stretched_pinwheel, v_misc_2,
          grunt_vaults_hallway_short, v_misc_33, vaults_room_door_hall,
          nicolae_vaults_windows_and_doors_thing, vaults_dpeg_ring,
          hangedman_vaults_trim, vaults_mumra_minichess, v_misc_19,
          vaults_room_hallway, vaults_room_glass_cross, vaults_mumra_lcd,
          serial_shops, nicolae_shop_waterfront
Sewer:    sewer_co_cracked_pipes
Bailey:   bailey_axe_4, bailey
IceCv:    ice_cave_small_demon

Skill      XL: |  1  2  3  4  5  6  7  8  9 10 11 12 13 14 15 16 17 18 19 20 21 |
---------------+----------------------------------------------------------------+-----
Axes           | 3 4 6 8 10 11 13 15 16 18 19 21 23 24 | 24.8
Shields        | 9 11 14 15 | 15.0
Invocations    | 2 7 8 10 11 | 11.7
Dodging        | 1 3 6 7 |  7.2
Fighting       | 5 8 9 11 12 13 | 13.3
Armour         | 5 8 9 11 12 13 14 15 | 15.6

Action                   |  1- 3 |  4- 6 |  7- 9 | 10-12 | 13-15 | 16-18 | 19-21 | 22-24 || total
-------------------------+-------+-------+-------+-------+-------+-------+-------+-------++-------
Melee: War axe           |   114 |   140 |   335 |   664 |   199 |       |       |       ||  1452
       Broad axe         |       |       |       |       |   532 |   920 |   800 |       ||  2252
       Executioner's axe |       |       |       |       |       |    74 |    76 |     5 ||   155
Invok: Slouch            |       |       |       |     2 |     8 |    16 |     3 |       ||    29
       Step From Time    |       |       |       |       |     2 |     2 |       |       ||     4
       Temporal Distorti |       |       |       |       |       |     2 |       |       ||     2
 Abil: Dig               |       |       |     3 |     1 |       |       |       |       ||     4
Evoke: Wand              |       |       |       |    13 |    37 |    29 |     4 |       ||    83
  Use: Potion            |       |     1 |     4 |     5 |     2 |     8 |     2 |       ||    22
       Scroll            |       |     7 |    11 |     6 |    15 |     5 |    15 |       ||    59
 Stab: Paralysed         |       |       |       |     5 |     3 |     3 |       |       ||    11
       Distracted        |       |       |       |       |       |       |     1 |       ||     1
  Eat: Chunk             |     1 |     4 |    16 |    11 |     9 |    15 |    10 |       ||    66
       Ration            |       |       |     1 |       |       |     2 |     1 |       ||     4
Armor: Scale mail        |    62 |    61 |   110 |    59 |       |       |       |       ||   292
       Plate armour      |       |       |       |    70 |   271 |   129 |       |       ||   470
       Crystal plate arm |       |       |       |       |       |   224 |   164 |    18 ||   406
       Chain mail        |       |       |       |       |       |    20 |       |       ||    20
Dodge: Dodged            |    45 |    37 |    94 |   267 |   315 |   464 |   211 |     5 ||  1438
Block: Shield            |    76 |    73 |   188 |   626 |   724 |   328 |       |       ||  2015
       Reflection        |       |       |       |       |     5 |    26 |   117 |       ||   148
       Large shield      |       |       |       |       |       |   981 |  1169 |     4 ||  2154
       Rpst.: Executioner's axe |       |       |       |       |       |       |     2 |       ||     2

Table legend:
 A = Spawn XP
 B = Non-spawn XP
 C = Spawn XP percentage of total XP
 D = Spawn monster count
 E = Non-spawn monster count
 F = Spawn count percentage of total count
 G = Total turns spent on level
                    A         B        C        D         E        F      G
               +---------+---------+-------+---------+---------+-------+---------
         Total |       0 |  504017 |   0.0 |       0 |    1578 |   0.0 | 35754
               +---------+---------+-------+---------+---------+-------+---------
           D:1 |       0 |      34 |   0.0 |       0 |      18 |   0.0 |  1037
           D:2 |       0 |     107 |   0.0 |       0 |      37 |   0.0 |   710
           D:3 |       0 |     201 |   0.0 |       0 |      15 |   0.0 |   661
           D:4 |       0 |     399 |   0.0 |       0 |      25 |   0.0 |   853
           D:5 |       0 |     266 |   0.0 |       0 |      18 |   0.0 |   769
           D:6 |       0 |    1162 |   0.0 |       0 |      24 |   0.0 |  1404
           D:7 |       0 |    3854 |   0.0 |       0 |      55 |   0.0 |  1269
           D:8 |       0 |    1897 |   0.0 |       0 |      37 |   0.0 |   976
           D:9 |       0 |    2455 |   0.0 |       0 |      32 |   0.0 |  1213
          D:10 |       0 |    3314 |   0.0 |       0 |      27 |   0.0 |   780
          D:11 |       0 |    7537 |   0.0 |       0 |      61 |   0.0 |  1391
          D:12 |       0 |    4314 |   0.0 |       0 |      46 |   0.0 |  1086
          D:13 |       0 |   14465 |   0.0 |       0 |      50 |   0.0 |   866
          D:14 |       0 |   16783 |   0.0 |       0 |      39 |   0.0 |  1503
          D:15 |       0 |   14590 |   0.0 |       0 |      46 |   0.0 |   937
        Lair:1 |       0 |    3479 |   0.0 |       0 |      14 |   0.0 |   947
        Lair:2 |       0 |    6153 |   0.0 |       0 |      22 |   0.0 |  1308
        Lair:3 |       0 |    5293 |   0.0 |       0 |      22 |   0.0 |   694
        Lair:4 |       0 |   11608 |   0.0 |       0 |      50 |   0.0 |  1112
        Lair:5 |       0 |    4342 |   0.0 |       0 |      11 |   0.0 |   630
        Lair:6 |       0 |   31673 |   0.0 |       0 |     110 |   0.0 |  1437
       Swamp:1 |       0 |    5296 |   0.0 |       0 |      18 |   0.0 |   649
       Swamp:2 |       0 |   18750 |   0.0 |       0 |      48 |   0.0 |   855
       Swamp:3 |       0 |   10007 |   0.0 |       0 |      19 |   0.0 |   719
       Swamp:4 |       0 |   27994 |   0.0 |       0 |      40 |   0.0 |  1260
      Spider:1 |       0 |   12165 |   0.0 |       0 |      51 |   0.0 |   652
      Spider:2 |       0 |   17870 |   0.0 |       0 |      47 |   0.0 |   728
      Spider:3 |       0 |   27948 |   0.0 |       0 |      64 |   0.0 |  1218
      Spider:4 |       0 |   45666 |   0.0 |       0 |      86 |   0.0 |  1017
         Orc:1 |       0 |    3493 |   0.0 |       0 |      42 |   0.0 |   642
         Orc:2 |       0 |    9643 |   0.0 |       0 |      45 |   0.0 |  1226
      Vaults:1 |       0 |   41591 |   0.0 |       0 |      77 |   0.0 |  1134
      Vaults:2 |       0 |   32851 |   0.0 |       0 |      55 |   0.0 |  1043
      Vaults:3 |       0 |   38018 |   0.0 |       0 |      66 |   0.0 |  1071
      Vaults:4 |       0 |   66289 |   0.0 |       0 |      81 |   0.0 |   711
         Sewer |       0 |      61 |   0.0 |       0 |      25 |   0.0 |   397
        Bailey |       0 |    1091 |   0.0 |       0 |      25 |   0.0 |   211
         IceCv |       0 |   11358 |   0.0 |       0 |      30 |   0.0 |   619
               +---------+---------+-------+---------+---------+-------+---------
